Arrhythmia, chaotic female vampiric Convict ----------------------------------- |@).|...|...|...|................#| |.@.|...| ..|...|.................| ---- --- --- --- --- --- --- --- --- --- ---.---.---.---.|.............^...| |................................................%.........................| |.....................................................%...%...............<| | | --- --- --- --- --- --- --- --- ---.---.---.---.--------------..----| |. |...|...|...|.................| |. |...|...|...|......>..........| --- ------------|.................| |.................| |.................| ------------------- Arrhythmia the Prisoner Experience level: 10 Strength: 15 Dexterity: 14 Constitution: 20 Intelligence: 9 Wisdom: 9 Charisma: 8 Health: 0(114) Energy: 60(60) AC: -6 Gold: 238 Moves: 10950 Your Inventory: Coins $ - 238 gold pieces Armor o - an [uncursed] +0 leather hat [elven leather helm] (being worn) p - an [uncursed] +0 blue and green shield [elven] (being worn) D - an [uncursed] +3 pair of hard shoes [iron] (being worn) I - an [uncursed] +0 elven mithril-coat (being worn) O - an uncursed +0 pair of padded gloves [leather] (being worn) V - a blessed +1 dwarvish cloak [of searching] (being worn) Scrolls l - an [uncursed] scroll of teleportation G - an [uncursed] scroll of light Rings W - an [uncursed] ring of slow digestion (on right hand) Tools d - an uncursed blindfold f - an [uncursed] bag called Sack [sack] E - an uncursed skeleton key Iron balls c - an uncursed heavy iron ball (weapon in hand) Contents of the sack: 1699 gold pieces an [uncursed] scroll labeled FOOBIE BLETCH [of taming] an [uncursed] scroll labeled PHOL ENDE WODAN [of food detection] a [cursed] scroll labeled XIXAXA XOXAXA XUXAXA [of enchant armor] a [blessed] scroll of create monster an [uncursed] scroll of light an uncursed potion of gain level an [uncursed +3] ring of gain constitution an [uncursed +1] ring of increase accuracy an [uncursed] plastic wand [of speed monster (0:8)] an [uncursed] wand called Nohold [of make invisible (0:8)] an [uncursed] wand of magic missile [0:3] an [uncursed] looking glass [mirror] Spells known in the end: Name Level Category Fail Memory Your skills at the end: Fighting Skills body armor [Basic / Skilled] Weapon Skills flail [Skilled / Expert] sling [Basic / Skilled] Spellcasting Skills Final Attributes: You were piously aligned. Hunger level was 474. Your alignment was 64 / 64. Monster difficulty range was 2 - 11. Level difficulty was 12. You were immune to poison. You were immune to level-drain. You were immune to sickness. You had automatic searching. You could fly. You could survive without air. You had slower digestion. You regenerated. Your luck was zero. You are dead. Vanquished creatures: a ghost 2 wumpuses 2 winter wolves 3 small mimics an ettin mummy a quantum mechanic a giant turtle a gelatinous cube a shocking sphere a tiger a gargoyle a dwarf king 2 tengu an ochre jelly a leocrotta 3 wraiths 2 leather golems a chameleon a crocodile a giant beetle a quivering blob a cockatrice 14 wolves a lynx a panther 4 leprechauns 2 iron piercers a mumak 4 giant spiders a horse a black light a gnome king a brown pudding 2 werewolves 3 lizards a jaguar 2 dwarf lords 2 dust vortices a raven a plains centaur a human zombie a rope golem a Woodland-elf 4 fire ants 4 bugbears an imp 3 wood nymphs a water nymph a mountain nymph 13 Mordor orcs 5 Uruk-hai an orc shaman 2 rock piercers an enormous rat 2 rock moles 2 ponies 3 yellow lights a violet fungus 7 gnome lords a gnomish wizard a kobold mummy a golden naga hatchling a gray ooze a ghoul a straw golem 2 paper golems 3 giant ants 2 little dogs 5 floating eyes 3 kittens 8 dwarves 2 kobold lords 2 kobold shamans 24 hill orcs 4 rothes 2 rabid rats 3 centipedes 2 giant bats 2 monkeys 7 dwarf zombies a wererat a werejackal 4 muggers 6 iguanas 24 killer bees 2 acid blobs 3 gas spores 4 hobbits 2 large kobolds 11 hobgoblins 2 giant rats 4 cave spiders 2 brown molds a yellow mold a red mold 32 gnomes 5 garter snakes 2 gnome zombies 7 geckos 4 jackals a fox a kobold a goblin 7 sewer rats 3 grid bugs 3 bats 9 lichens 4 kobold zombies 7 newts 358 creatures vanquished. Voluntary challenges: You left the true Path of Zen. You went without food. You never hit with a wielded weapon. You read items or engraved 12 times. You put on armor 50 times. You never genocided any monsters. You never polymorphed an object. You never changed form. You used no wishes. You abstained from Elbereth's help. You encountered 2 bones levels. You never used any Sokoban shortcuts. Dungeon overview: The Dungeons of Doom: levels 1 to 12 Level 1 an altar to Tymora, a fountain a long staircase Level 2 a sink stairs to The Gnomish Mines Level 3 an armor shop, some fountains Level 4 a fountain Level 5 many fountains Level 6 a fountain stairs to Sokoban Level 7 a fountain stairs to Town Level 8 an altar, a fountain Level 9 some fountains, a sink, a throne Level 11 some fountains Level 12 portal to The Quest The Gnomish Mines: levels 3 to 6 Level 3 stairs to The Dungeons of Doom Level 5 (Magic trap^2) Level 5 a lighting shop, a fountain, some trees The Quest: Level 1 <- You were here a sink portal to The Dungeons of Doom Sokoban: Level 5 a magic chest stairs to The Dungeons of Doom Town: levels 4 to 6 Level 4 many shops, some fountains, a sink Level 5 some fountains, many trees Level 6 stairs to The Dungeons of Doom History has recorded: On T:1 you entered the Dungeons of Doom to retrieve the Amulet of Yendor! On T:168 you advanced to experience level 2. On T:303 you advanced to experience level 3. On T:726 you reached level 2 of The Dungeons of Doom. On T:1007 you reached level 1 of The Gnomish Mines. On T:1030 you advanced to experience level 4. On T:1052 you reached level 2 of The Gnomish Mines. On T:1115 you advanced to experience level 5. On T:1308 you advanced to experience level 6. On T:1946 you reached level 3 of The Dungeons of Doom. On T:2125 you advanced to experience level 7. On T:2529 you reached level 3 of The Gnomish Mines. On T:2726 you advanced to experience level 8. On T:2847 you reached level 4 of The Gnomish Mines. On T:5162 you reached level 4 of The Dungeons of Doom. On T:5586 you reached level 5 of The Dungeons of Doom. On T:5659 you advanced to experience level 9. On T:5966 you reached level 6 of The Dungeons of Doom. On T:6226 you reached level 3 of Sokoban. On T:6301 you reached level 7 of The Dungeons of Doom. On T:6532 you reached level 3 of Town. On T:6853 you reached level 2 of Town. On T:6937 you reached level 1 of Town. On T:7941 you advanced to experience level 10. On T:7958 you reached level 8 of The Dungeons of Doom. On T:9028 you reached level 9 of The Dungeons of Doom. On T:9623 you reached level 10 of The Dungeons of Doom. On T:10576 you reached level 11 of The Dungeons of Doom. On T:10735 you reached level 12 of The Dungeons of Doom. On T:10878 you reached level 1 of The Quest. Latest messages: The prison guard hits! [HP-60=54] [HP+1=55] l - 2 scrolls of teleportation. The prison guard swings his silver saber. The silver sears your flesh! The prison guard hits! The prison guard swings his silver saber. The silver sears your flesh! The prison guard hits! [HP-50=5] As you read the scroll, it disappears. A mysterious force prevents you from teleporting! The prison guard swings his silver saber. The silver sears your flesh! The prison guard hits! You die... Final status: Goodbye Arrhythmia the Convict... You died in The Quest on dungeon level 1 with 12110 points, and 1937 pieces of gold, after 10950 moves. You were level 10 with a maximum of 114 hit points when you died.